 Dungeon Crawl Stone Soup version 0.29.1-1-gd02db6906a (webtiles) character file.

Game seed: 292177861336808623

417 MisterFreud the Twirler (level 7, -21/50 HPs)
             Began as a Formicid Gladiator on Oct 9, 2022.
             Was an Initiate of Yredelemnul.
             Engulfed by a cloud of flame (28 damage)
             ... on level 4 of the Dungeon.
             The game lasted 00:04:14 (3879 turns).

MisterFreud the Twirler (Formicid Gladiator)        Turns: 3879, Time: 00:04:15

Health: -21/50     AC:  4    Str: 21    XL:     7   Next: 15%
Magic:  9/9        EV: 12    Int:  7    God:    Yredelemnul [......]
Gold:   348        SH:  5    Dex: 15    Spells: 6/6 levels left

rFire   . . .      SeeInvis +   v - +2 club (spect)
rCold   . . .      Faith    .   n - +0 buckler
rNeg    . . .      Spirit   .   b - +0 leather armour
rPois   .          Reflect  .   (helmet unavailable)
rElec   .          Harm     .   (no cloak)
rCorr   +          Rampage  .   k - +0 pair of gloves
Will    .....                   (no boots)
Stlth   +.........              (no amulet)
HPRegen 0.16/turn               C - ring of resist corrosion
MPRegen 0.11/turn               B - ring of flight

@: flying
A: permanent stasis, dig shafts and tunnels, antennae 3, four strong arms
a: Dig, Shaft Self, Renounce Religion, Recall Undead Harvest


You were on level 4 of the Dungeon.
You worshipped Yredelemnul.
Yredelemnul was noncommittal.
You visited 1 branch of the dungeon, and saw 4 of its levels.
You also visited: Ossuary.

You collected 436 gold pieces.
You spent 88 gold pieces at shops.

Inventory:

Hand Weapons
 a - a +0 quarterstaff
 u - the +3 hand axe "Neceek" {flame, rC+}
   (You found it on level 3 of the Dungeon)

   It burns those it strikes, dealing additional fire damage.
   Big, fiery blades are also staple armaments of hydra-hunters.
   rC:        It protects you from cold.
 v - a +2 spectral club (weapon)
Missiles
 c - 3 throwing nets (quivered)
 d - a javelin
 e - 2 atropa-tipped darts
 j - 2 poisoned darts
Armour
 b - a +0 leather armour (worn)
 k - a +0 pair of gloves (worn)
 n - a +0 buckler (worn)
Jewellery
 l - a ring of fire
 B - a ring of flight (right hand)
 C - a ring of resist corrosion (left hand)
Wands
 s - a wand of polymorph (9)
 D - a wand of mindburst (19)
Scrolls
 f - 3 scrolls of identify
 i - a scroll of amnesia
 m - 3 scrolls of immolation
 q - a scroll of fog
Potions
 g - a potion of attraction
 h - 3 potions of degeneration {unknown}
 o - 2 potions of curing
 p - a potion of berserk rage {unknown}
 r - 2 potions of mutation {unknown}
 t - a potion of flight {unknown}
 w - a potion of resistance {unknown}
 x - a potion of haste {unknown}
 z - 4 potions of heal wounds {unknown}
 A - a potion of cancellation {unknown}


   Skills:
 - Level 2.1 Fighting
 - Level 6.0 Staves
 - Level 2.0 Throwing
 - Level 2.6 Dodging
 - Level 4.0 Shields
 + Level 3.5 Invocations


You had 6 spell levels left.
You didn't know any spells.
Your spell library contained the following spells:

 Spells                   Type           Power      Damage    Failure   Level
 Apportation              Tloc           0%         N/A       56%         1
 Necrotise                Necr           0%         1d4       56%         1
 Summon Small Mammal      Summ           0%         N/A       56%         1
 Freezing Cloud           Conj/Ice/Air   0%         6-21      100%        5
 Polar Vortex             Ice            0%         N/A       100%        9
 Simulacrum               Ice/Necr       Unusable   N/A       N/A         6

Dungeon Overview and Level Annotations

Branches:
Dungeon (4/15)            Ossuary (visited)
 Temple: D:4-7

Altars:
Trog
Yredelemnul

Shops:
D:3 *   D:4 :

Annotations:
D:4 2 runed translucent doors


Innate Abilities, Weirdness & Mutations

You cannot be hasted, slowed, berserked, paralysed or teleported.
You can dig through walls and to a lower floor.
You have a pair of large antennae on your head. (SInv)
Your four strong arms can wield two-handed weapons with a shield.


Message History

Key pressed, stopping explore.
No target in view!
There is a stone staircase leading up here.
Key pressed, stopping explore.
No target in view!
You reach down and open the door.
Found a large runed translucent door.
There is an open door here.
You reach down and open the door.
There is an open door here.
D - a wand of mindburst (19)
You pick up a book of Ice and begin reading...
You add the spells Freezing Cloud and Polar Vortex to your library.
Found a stone staircase leading down.
There is a stone staircase leading down here.
Found a stone staircase leading up.
z - 4 silvery potions (gained 1)
m - 4 scrolls labelled GINANAEPOR (gained 1)
An endoplasm comes into view.
An endoplasm is nearby!
As you read the scroll labelled GINANAEPOR, it crumbles to dust.
The creatures around you are filled with an inner flame!
It was a scroll of immolation.
As you read the scroll labelled DIHEUHA TUALUCS, it crumbles to dust.
You hear a loud clanging noise!
It was a scroll of noise.
The endoplasm quivers.
Unknown command.
You block the endoplasm's attack.
You thump the endoplasm!
A black mist starts to gather...
The endoplasm explodes!
The fiery explosion engulfs you!!!
Ouch! That really hurt!
* * * LOW HITPOINT WARNING * * *
The fiery explosion engulfs your spectral endoplasm!!
You destroy your spectral endoplasm!
You are engulfed in blazing flames.
Ouch! That really hurt!
You die...
Your body rises from the dead as a mindless zombie.

...# ##.......## ##.#
#........... .#.#
#........### .#.#
#.##...### .#.#
#.##...## ##.# #.###...#
##.###.#####<# #
...........#.#####§####.
....##.###......@§§.....
##..##..........§§§#####
....########.#######
###.########.# #
#..........# #
############ # # #


There were no monsters in sight!

Vanquished Creatures
  Grinder (D:3)
  A hound (D:4)
  Ijyb (D:3)
  An iguana (D:4)
  2 mummies (Ossuary)
  5 adders
  A worm (D:2)
  7 orcs (D:3)
  2 ball pythons
  5 bats
  4 endoplasms
  3 giant cockroaches
  5 gnoll zombies (Ossuary)
  5 hobgoblins
  3 jackals (D:1)
  2 quokkas
  5 goblins
  5 goblin zombies (Ossuary)
  A hobgoblin zombie (Ossuary)
  2 kobolds
  3 orc zombies (Ossuary)
  2 rats (D:2)
  A spectral endoplasm (D:4)
67 creatures vanquished.

Vanquished Creatures (collateral kills)
  A worm (D:4)
  An orc (D:3)
  A bat (D:3)
  A frilled lizard (D:3)
4 creatures vanquished.

Vanquished Creatures (others)
  An adder zombie (D:3)
  2 bat zombies (D:3)
  An endoplasm zombie (D:3)
  A giant cockroach zombie (D:3)
  2 orc zombies (D:3)
7 creatures vanquished.

Grand Total: 78 creatures vanquished

Notes
Turn   | Place    | Note
-------+----------+-------------------------------------------
     0 | D:1      | MisterFreud the Formicid Gladiator began the quest for the
                  | Orb.
     0 | D:1      | Reached XP level 1. HP: 16/16 MP: 1/1
   225 | D:1      | You fall into a shaft and drop 1 floor!
   350 | D:2      | Reached XP level 2. HP: 22/22 MP: 2/2
   696 | D:1      | Found a faded altar of an unknown god.
  1084 | D:2      | Reached skill level 4 in Staves
  1084 | D:2      | Reached XP level 3. HP: 27/27 MP: 3/3
  1095 | D:2      | Found a basalt altar of Yredelemnul.
  1122 | D:2      | Became a worshipper of Yredelemnul the Dark
  1316 | D:2      | Reached * piety under Yredelemnul
  1785 | D:3      | Reached XP level 4. HP: 32/33 MP: 4/4
  1904 | D:3      | Reached skill level 1 in Shields
  1995 | D:3      | Noticed Grinder
  2017 | D:3      | Killed Grinder
  2018 | D:3      | Reached skill level 5 in Staves
  2018 | D:3      | Reached XP level 5. HP: 38/38 MP: 5/5
  2018 | D:3      | Reached XP level 6. HP: 44/44 MP: 6/6
  2195 | D:3      | Identified the +3 hand axe "Neceek" {flame, rC+}
  2230 | D:3      | Noticed Ijyb
  2243 | D:3      | Reached skill level 6 in Staves
  2243 | D:3      | Killed Ijyb
  2244 | D:3      | Reached skill level 1 in Invocations
  2693 | D:3      | Found Bouhiruy's Assorted Antiques.
  2699 | D:3      | Bought an inky potion for 22 gold pieces
  2699 | D:3      | Bought a pink potion for 22 gold pieces
  2699 | D:3      | Bought a silvery potion for 22 gold pieces
  2699 | D:3      | Bought a bubbling emerald potion for 22 gold pieces
  3049 | D:4      | Found Xuraul's Self-Improvement Boutique.
  3088 | D:4      | Found a bloodstained altar of Trog.
  3244 | D:4      | Found a sand-covered staircase.
  3271 | Ossuary  | Entered an ossuary
  3298 | Ossuary  | Reached XP level 7. HP: 48/50 MP: 7/9
  3768 | D:4      | Found a large runed translucent door.
  3769 | D:4      | Found a large runed translucent door.
  3879 | D:4      | Engulfed by a cloud of flame

Illustrated notes

Levels and vault maps discovered:
D:1:      heliophobic_arrival_battle_scene, layout_basic,
          ebering_ecumenical_altar_petrified
D:2:      layout_loops_ring, basic_altar
D:3:      layout_loops_corners, serial_shops, nicolae_shop_hallway_plus,
          uniq_ijyb, uniq_grinder
D:4:      layout_loops_ring, trog_hazing_becter, jmf_multi_god_temple2,
          nicolae_ossuary_entry_monument, abandoned_shop, nicolae_shop_self_help

Skill      XL: |  1  2  3  4  5  6  7 |
---------------+----------------------+-----
Staves         | 4 5 6 |  6.0
Shields        | 4 |  4.0
Invocations    | 2 3 |  3.5
Fighting       | |  2.1
Throwing       | |  2.0
Dodging        | |  2.6

Action                   |  1- 3 |  4- 6 |  7- 9 || total
-------------------------+-------+-------+-------++-------
Melee: Quarterstaff      |    44 |    47 |       ||    91
       Club              |       |    54 |    31 ||    85
  Use: Scroll            |     5 |     4 |     2 ||    11
 Stab: Distracted        |       |     2 |       ||     2
Armor: Leather armour    |    17 |    12 |     2 ||    31
Dodge: Dodged            |    27 |    72 |    17 ||   116
Block: Buckler           |     3 |    27 |     6 ||    36
